AoeStats
← VakorTV

Enclosed

503880849Analyzed
4v4 RM · 29d ago on Sep 2, 2026· 26m 30s· 8 players
Game mode
Random Map
Map size
Large (8 player)
Population
200
Speed
Normal
Resources
Standard
Victory
Conquest
Starting age
Dark Age
Ending age
Imperial Age
RankedLock teamsTeams togetherTeam positionsShared explorationLock speedFull tech treeHidden civsTurbo modeCheats
Victory
Defeat
🇫🇷 Bulgarians · France
1177
+14
🇻🇪 Wei · Venezuela
1146
+39
🇨🇦 Inca · Canada
1108
+17
🇬🇹 Slavs · Guatemala
1104
+18
🇳🇱 Teutons · Netherlands
1177
-18
🇹🇷 Mongols · Türkiye
1172
-18
🇵🇪 Khmer · Peru
1118
-15
🇹🇷 Italians · Türkiye
1094
-14
ViChoc
2:52 Loom
11:57 Feudal Age
16:49 Castle Age
15:11 Double-Bit Axe
15:37 Gold Mining
16:04 Man-at-Arms
18:13 Bow Saw
20:38 Pikeman
24:15 Ballistics
23:42 Light Cavalry
VakorTV
10:34 Feudal Age
11:08 Double-Bit Axe
11:06 Horse Collar
12:07 Loom
12:57 Wheelbarrow
13:19 Forging
14:08 Bloodlines
14:11 Scale Barding Armor
20:41 Castle Age
18:48 Gold Mining
21:51 Chain Barding Armor
22:07 Iron Casting
21:35 Husbandry
21:51 Bow Saw
马桶
10:05 Feudal Age
13:55 Castle Age
12:12 Double-Bit Axe
13:47 Loom
15:18 Town Watch
20:58 Fletching
24:01 Bodkin Arrow
25:54 Horse Collar
27:15 Bloodlines
GR4Y_BE4RD
8:26 Loom
10:21 Feudal Age
15:21 Town Watch
18:08 Castle Age
16:38 Champi Runner
17:39 Scale Mail Armor
19:53 Champi Warrior
Çalooo
0:34 Loom
10:45 Feudal Age
15:39 Castle Age
13:48 Double-Bit Axe
15:24 Wheelbarrow
20:32 Fletching
22:31 Bodkin Arrow
22:41 Padded Archer Armor
Bertinator
7:20 Loom
10:27 Feudal Age
20:03 Castle Age
19:12 Double-Bit Axe
20:45 Bloodlines
23:59 Guard Tower
hannibal
6:57 Loom
9:28 Feudal Age
10:05 Double-Bit Axe
13:29 Horse Collar
13:56 Fletching
21:16 Castle Age
wiroo99
0:27 Loom
14:16 Feudal Age
14:37 Horse Collar
20:07 Castle Age
19:45 Double-Bit Axe
22:08 Wheelbarrow
24:55 Imperial Age
23:32 Hand Cart
23:42 Bow Saw
25:14 Gold Mining
25:14 Stone Mining
Connection lost

Rejoining the realm…

Still unreachable

The connection could not be restored.

Session expired

The server has moved on; the page needs a fresh start.